 Dungeon Crawl Stone Soup version 0.29.0-7-g18a832c13a (webtiles) character file.

Game seed: 14151351217032001752

1497 Arum the Shield-Bearer (level 9, -10/69 HPs)
             Began as a Formicid Fighter on Aug 30, 2022.
             Was an Elder of Ru.
             Mangled by a six-headed hydra (11 damage)
             ... on level 7 of the Dungeon.
             The game lasted 00:11:34 (7458 turns).

Arum the Shield-Bearer (Formicid Fighter)           Turns: 7458, Time: 00:11:34

Health: -10/69     AC:  7    Str: 25    XL:     9   Next: 8%
Magic:  9/9        EV:  9    Int:  8    God:    Ru [****..]
Gold:   36         SH: 11    Dex: 13    Spells: 8/8 levels left

rFire   . . .      SeeInvis +   a - +0 quarterstaff (freeze)
rCold   + . .      Faith    .   f - +1 kite shield
rNeg    . . .      Spirit   .   b - +0 scale mail
rPois   .          Reflect  .   (helmet unavailable)
rElec   .          Harm     .   (no cloak)
rCorr   .          Rampage  .   (no gloves)
Will    .....                   (no boots)
Stlth   ..........              o - amulet of regeneration
HPRegen 1.01/turn               u - ring of protection from cold
MPRegen 0.11/turn               (no ring)

@: no status effects
A: permanent stasis, dig shafts and tunnels, antennae 3, inability to use
devices, hated by all, missing an eye, four strong arms
a: Dig, Shaft Self, Renounce Religion, Draw Out Power, Power Leap


You were on level 7 of the Dungeon.
You worshipped Ru.
Ru was greatly pleased with you.
You visited 1 branch of the dungeon, and saw 7 of its levels.

You collected 293 gold pieces.
You spent 257 gold pieces at shops.

Inventory:

Hand Weapons
 a - a +0 quarterstaff of freezing (weapon)
 q - the +8 sling "Xiw Bub" {speed, Fragile rC++ Will+ Str+3}
   (You found it on level 4 of the Dungeon)

   Attacks with this weapon are significantly faster.
   Str:       It affects your strength (+3).
   rC:        It greatly protects you from cold.
   Fragile:   It will be destroyed if unequipped.
   Will:      It increases your willpower.
Armour
 b - a +0 scale mail (worn)
 c - a +0 buckler
 f - a +1 kite shield (worn)
Jewellery
 o - an amulet of regeneration (around neck)
 u - a ring of protection from cold (left hand)
Scrolls
 e - 2 scrolls of magic mapping
 g - a scroll of poison
 j - a scroll of immolation {unknown}
 k - a scroll of fog
 m - a scroll of enchant weapon
 n - a scroll of vulnerability
 s - a scroll of brand weapon
 v - a scroll of silence {unknown}
 w - a scroll of identify
Potions
 d - a potion of might
 h - 2 potions of curing
 i - 2 potions of flight
 l - 3 potions of attraction
 p - a potion of mutation {unknown}
 r - a potion of berserk rage {unknown}
 t - a potion of resistance {unknown}


   Skills:
 + Level 6.3 Fighting
 * Level 6.5 Staves
 + Level 6.3 Armour
 + Level 7.6 Shields


You had 8 spell levels left.
You didn't know any spells.
Your spell library contained the following spells:

 Spells                   Type           Power      Damage    Failure   Level
 Slow                     Hex            0%         N/A       89%         1
 Confusing Touch          Hex            0%         N/A       99%         3
 Gell's Gravitas          Tloc           0%         N/A       99%         3
 Lesser Beckoning         Tloc           0%         N/A       99%         3
 Teleport Other           Tloc           0%         N/A       99%         3
 Vampiric Draining        Necr           0%         2d6       99%         3


Dungeon Overview and Level Annotations

Branches:
Dungeon (7/15)             Temple (0/1) D:6

Altars:
Cheibriados
Gozag
Ru
Trog
Xom
Zin
The Shining One

Shops:
D:1 ?*[:


Innate Abilities, Weirdness & Mutations

You cannot be hasted, slowed, berserked, paralysed or teleported.
You can dig through walls and to a lower floor.
You have a pair of large antennae on your head. (SInv)
You cannot study or use magical devices.
You are hated by all.
You are missing an eye, making it more difficult to aim.
Your four strong arms can wield two-handed weapons with a shield.


Message History

The six-headed hydra bites you!
The six-headed hydra bites you but does no damage.
The six-headed hydra bites you.
You barely miss the six-headed hydra.
The six-headed hydra is moderately wounded.
The six-headed hydra bites you but does no damage.
The six-headed hydra bites you.
You block the six-headed hydra's attack.
The six-headed hydra bites you but does no damage.
You block the six-headed hydra's attack.
The six-headed hydra bites you but does no damage.
You hit the six-headed hydra. You freeze the six-headed hydra.
The six-headed hydra is moderately wounded.
The six-headed hydra bites you.
The six-headed hydra barely misses you. x2
You block the six-headed hydra's attack.
The six-headed hydra bites you! The six-headed hydra bites you.
Unknown command.
You sock the six-headed hydra! You freeze the six-headed hydra.
The six-headed hydra is heavily wounded.
The orc wizard begins to cast a spell, but is stunned by your conviction!
The six-headed hydra bites you but does no damage. x3
You block the six-headed hydra's attack.
The six-headed hydra bites you! The six-headed hydra bites you.
* * * LOW HITPOINT WARNING * * *
You barely miss the six-headed hydra.
The six-headed hydra is heavily wounded.
The six-headed hydra bites you.
* * * LOW HITPOINT WARNING * * *
The six-headed hydra bites you!
* * * LOW HITPOINT WARNING * * *
The six-headed hydra bites you!
* * * LOW HITPOINT WARNING * * *
The six-headed hydra barely misses you.
The six-headed hydra completely misses you.
The six-headed hydra closely misses you.
Unknown command.
You feel better. The six-headed hydra bites you!
* * * LOW HITPOINT WARNING * * *
The six-headed hydra bites you!
You die...

..# # #.##### #.
#..##.#### #..##
#..##.<..## ##
#..###.........# #.
#............# #.
##..###......## #.
##.## ####....# #.
#. ##@## #..†.###.
#..#D####
_.#....#...
#.ooD.#...$#........
##....'..$$#..#....#
#....#/..$#......##
o......##
._.#.....###
###...## .#.###.# #
#..... ## #.# #
#..... #.. .


You could see a six-headed hydra and an orc wizard.

Vanquished Creatures
  Prince Ribbit (D:7)
  An ice beast (D:4)
  An ogre (D:7)
  2 necrophages
  2 scorpions
  6 hounds
  2 gnoll boudas
  3 orc priests
  An iron imp (D:7)
  3 iguanas
  3 orc wizards
  A hound zombie (D:3)
  A hound skeleton (D:3)
  13 gnolls
  5 adders
  3 white imps
  An ufetubus (D:5)
  2 adder skeletons (D:3)
  4 worms
  2 dart slugs
  22 orcs
  8 ball pythons
  4 endoplasms
  A giant cockroach (D:1)
  4 goblins
  4 hobgoblins
  2 jackals (D:1)
  6 quokkas
  A ball python skeleton (D:3)
  7 bats
  5 frilled lizards
  12 kobolds
  A quokka skeleton (D:3)
  5 rats
139 creatures vanquished.

Vanquished Creatures (others)
  An orc priest (D:3)
  A quokka (D:1)
  2 withered plants (D:3)
4 creatures vanquished.

Grand Total: 143 creatures vanquished

Notes
Turn   | Place    | Note
-------+----------+-------------------------------------------
     0 | D:1      | Arum the Formicid Fighter began the quest for the Orb.
     0 | D:1      | Reached XP level 1. HP: 18/18 MP: 1/1
    21 | D:1      | Found Elyec's Armour Shoppe.
    39 | D:1      | Reached XP level 2. HP: 19/24 MP: 2/2
   120 | D:1      | Found Kaadimas's Book Shop.
   134 | D:1      | Found a faded altar of an unknown god.
   148 | D:1      | Prayed at the altar of an unknown god.
   148 | D:1      | Became a worshipper of Ru the Awakened
   155 | D:1      | Gained mutation: You are hated by all. [Ru sacrifice]
   155 | D:1      | Reached * piety under Ru
   421 | D:1      | Reached XP level 3. HP: 29/29 MP: 3/3
   585 | D:1      | Found Xugoprodo's Assorted Antiques.
   589 | D:1      | Bought 2 scrolls labelled GEPAOJ ARHOC for 56 gold pieces
   729 | D:1      | Found Deufeff's Magic Scroll Emporium.
  1289 | D:2      | Reached XP level 4. HP: 37/37 MP: 4/4
  1839 | D:1      | Bought a scroll of identify for 26 gold pieces
  1839 | D:1      | Bought a scroll of identify for 26 gold pieces
  1839 | D:1      | Bought a scroll of identify for 26 gold pieces
  1962 | D:3      | Reached skill level 5 in Shields
  1962 | D:3      | Reached XP level 5. HP: 18/42 MP: 5/5
  2403 | D:3      | Reached XP level 6. HP: 26/49 MP: 6/6
  2814 | D:3      | Gained mutation: You are missing an eye, making it more
                  | difficult to aim. [Ru sacrifice]
  2814 | D:3      | Reached ** piety under Ru
  3366 | D:4      | Noticed an ice beast
  4062 | D:4      | Identified the +8 sling "Xiw Bub" {speed, Fragile rC++
                  | Will+ Str+3}
  4158 | D:4      | Killed an ice beast
  4159 | D:4      | Reached skill level 5 in Armour
  4159 | D:4      | Reached skill level 6 in Shields
  4159 | D:4      | Reached XP level 7. HP: 31/55 MP: 7/7
  4464 | D:4      | Reached skill level 5 in Fighting
  4649 | D:5      | Entered Level 5 of the Dungeon
  4996 | D:5      | Found a shimmering altar of Xom.
  4997 | D:5      | Found a shimmering altar of Xom.
  5333 | D:5      | Reached XP level 8. HP: 62/62 MP: 8/8
  5413 | D:5      | Reached skill level 5 in Staves
  5810 | D:6      | Gained mutation: You cannot study or use magical devices.
                  | [Ru sacrifice]
  5810 | D:6      | Reached *** piety under Ru
  5810 | D:6      | Reached **** piety under Ru
  6062 | D:6      | Found a bloodstained altar of Trog.
  6112 | D:6      | Found a staircase to the Ecumenical Temple.
  6193 | D:6      | Reached skill level 7 in Shields
  6539 | D:7      | Noticed a six-headed hydra
  6786 | D:7      | Found a snail-covered altar of Cheibriados.
  6841 | D:7      | Identified the +0 barding of the Evil One {+Inv rF+ MP-9}
  6852 | D:7      | Found a glowing golden altar of the Shining One.
  6973 | D:7      | Noticed Prince Ribbit
  7041 | D:7      | Killed Prince Ribbit
  7042 | D:7      | Reached XP level 9. HP: 31/69 MP: 9/9
  7245 | D:1      | Bought a scroll of brand weapon for 123 gold pieces
  7441 | D:7      | Found an opulent altar of Gozag.
  7443 | D:7      | Found a glowing silver altar of Zin.
  7457 | D:7      | HP: 3/69 [six-headed hydra (7)]
  7458 | D:7      | HP: 1/69 [six-headed hydra (11)]
  7458 | D:7      | Mangled by a six-headed hydra

Illustrated notes

Levels and vault maps discovered:
D:1:      ebering_trefoil_twist, layout_loops_ring, basic_ecumenical_altar,
          serial_shops, shop, shop, shop_fountains, shop,
          minmay_misc_feat_encased
D:2:      layout_loops_ring, nicolae_kite_square_tiling_tiny
D:3:      layout_loops_corners, serial_undead, serial_undead_c, serial_undead_c,
          serial_undead_d, serial_undead_b, serial_undead_b, serial_undead_d,
          serial_undead_e
D:4:      layout_gridville
D:5:      layout_cave_pods, xom_redecorated
D:6:      layout_cave_pools, mainiacjoe_overflow_boulevard,
          minmay_temple_entry_statues_fountains, minmay_misc_feat_tower
D:7:      layout_layer_cave, lemuel_zombie_altar_kikubaaqudgha, tso_altar,
          mainiacjoe_overflow_chevrons, gammafunk_temple_overflow_claw,
          grunt_temple_overflow_gold_and_silver, slow_altar_1,
          roderic_serpentine_path, uniq_prince_ribbit1

Skill      XL: |  1  2  3  4  5  6  7  8 |
---------------+-------------------------+-----
Armour         | 4 5 6 |  6.3
Fighting       | 4 5 6 |  6.3
Shields        | 5 6 7 |  7.6
Staves         | 3 4 6 |  6.5

Action                   |  1- 3 |  4- 6 |  7- 9 || total
-------------------------+-------+-------+-------++-------
Melee: Quarterstaff      |    95 |   231 |   379 ||   705
Invok: Sacrifice Love    |     1 |       |       ||     1
       Sacrifice an Eye  |       |     1 |       ||     1
       Sacrifice Artific |       |       |     1 ||     1
 Abil: Dig               |       |     1 |     2 ||     3
  Use: Scroll            |     1 |     7 |     9 ||    17
       Potion            |       |     1 |     1 ||     2
 Stab: Invisible         |       |       |     2 ||     2
Armor: Scale mail        |    39 |    91 |    90 ||   220
Dodge: Dodged            |    43 |    72 |   102 ||   217
Block: Buckler           |    32 |    11 |       ||    43
       Kite shield       |       |    86 |   218 ||   304
